 Dungeon Crawl Stone Soup version 0.28.0-43-g3370ac3207 (webtiles) character file.

Game seed: 3139309610945818621

372 pkoi the Conjurer (level 6, -8/32 HPs)
             Began as a Deep Elf Conjurer on Mar 7, 2022.
             Killed by divine providence
             ... invoked by an orc priest
              (13 damage)
             ... on level 4 of the Dungeon.
             The game lasted 00:04:22 (4541 turns).

pkoi the Conjurer (Deep Elf Conjurer)               Turns: 4541, Time: 00:04:23

Health: -8/32      AC:  2    Str:  4    XL:     6   Next: 43%
Magic:  6/15       EV: 12    Int: 25    God:
Gold:   139        SH:  0    Dex: 15    Spells: 4/15 levels left

rFire   . . .      SeeInvis .   j - +1 mace of Parts Unknown {venom, Dex+2}
rCold   + . .      Faith    .   (no shield)
rNeg    . . .      Spirit   .   a - +0 robe
rPois   .          Reflect  .   (no helmet)
rElec   .          Harm     .   (no cloak)
rCorr   .          Rampage  .   (no gloves)
Will    .....                   (no boots)
Stlth   ++........              (no amulet)
HPRegen 0.10/turn               f - ring of protection from cold
MPRegen 0.14/turn               (no ring)

@: no status effects
A: no striking features
a: no special abilities


You were on level 4 of the Dungeon.
You visited 1 branch of the dungeon, and saw 4 of its levels.

You collected 139 gold pieces.

Inventory:

Hand Weapons
 b - a +1 club
 j - the +1 mace of Parts Unknown (weapon) {venom, Dex+2}
   (You found it on level 2 of the Dungeon)

   It poisons the flesh of those it strikes.
   Dex:       It affects your dexterity (+2).
Armour
 a - a +0 robe (worn)
Jewellery
 f - a ring of protection from cold (left hand)
 g - an amulet of guardian spirit
Wands
 i - a wand of acid (14)
Scrolls
 c - a scroll of blinking {unknown}
 d - 2 scrolls of enchant armour {unknown}
 e - a scroll of noise {unknown}
 k - a scroll of teleportation {unknown}
 m - a scroll of holy word {unknown}
Potions
 h - 2 potions of heal wounds
 l - a potion of curing {unknown}


   Skills:
 - Level 2.4 Dodging
 - Level 2.4 Stealth
 + Level 5.2 Spellcasting
 * Level 6.9 Conjurations
 + Level 2.5 Hexes
 + Level 2.0 Translocations


You had 4 spell levels left.
You knew the following spells:

 Your Spells              Type           Power      Damage    Failure   Level
a - Magic Dart            Conj           100%       1d8       1%          1
b - Searing Ray           Conj           82%        2d7       1%          2
c - Iskenderun's Mystic   Conj/Tloc      29%        2d7       13%         4
d - Fulminant Prism       Conj/Hex       15%        3d11      12%         4

Your spell library contained the following spells:

 Spells                   Type           Power      Damage    Failure   Level
 Dazzling Flash           Conj/Hex       60%        N/A       3%          3
 Animate Skeleton         Necr           12%        N/A       9%          1
 Pain                     Necr           24%        1d5       9%          1
 Frozen Ramparts          Ice            12%        1d3       24%         3
 Vampiric Draining        Necr           6%         2d6       24%         3
 Ice Form                 Ice/Tmut       6%         N/A       63%         4
 Summon Ice Beast         Ice/Summ       6%         N/A       63%         4


Dungeon Overview and Level Annotations

Branches:
Dungeon (4/15)
 Temple: D:4-7

Altars:


Message History

Aim: an orc, wielding a +0 dagger and wearing a +0 leather armour (100% to hit)
The magic dart hits the orc.
The orc is almost dead.
An ogre comes into view. It is wielding a +0 giant club.
Aiming: Magic Dart (safe; 1% risk of failure)
Press: ? - help, Q - select action, (/) - cycle Shift-Dir - straight line, f/p - orc
Aim: an orc, wielding a +0 dagger and wearing a +0 leather armour (almost dead, 100% to hit)
The magic dart hits the orc.
You kill the orc!
The ogre shouts!
The orc wizard gestures at you while chanting.
You resist with some effort.
The orc priest mumbles some strange prayers to Beogh against you.
Beogh smites you!
* * * LOW HITPOINT WARNING * * *
An orc wizard comes into view. It is wielding a +0 dagger.
Casting: Magic Dart (safe; 1% risk of failure)
Confirm with . or Enter, or press ? or * to list all spells.
The spell is quite dangerous to miscast (12% risk of failure)!
Continue anyway?
Aiming: Fulminant Prism (quite dangerous; 12% risk of failure)
Press: ? - help, Dir - move target You conjure a prism of explosive energy!
The orc wizard shouts!
A fulminant prism comes into view.
The orc wizard gestures wildly while chanting.
The orc wizard flickers and vanishes!
Deactivating autopickup; reactivate with Ctrl-A.
Your fulminant prism crackles loudly.
Your fulminant prism explodes!
The blast of energy engulfs the orc priest!
The orc priest is almost dead.
The blast of energy engulfs the orc!
You kill the orc!
The blast of energy engulfs the orc wizard!!
You kill the orc wizard!
You hear a shout!
Your magical contamination has completely faded away.
The orc priest invokes the aid of Beogh against you.
Beogh smites you!
You die...

#.#.##...............
#.#.##.......######.#
#.#.#.......... .
#.#.#........### #..
#.#.#........[. ... ##
#######.#.#........# ##.
#.###..................# ..[
##..........)...........#
...
#..............@.......##
... #....<..#....#.#....).o#
##
#.......#.####.#........)..
#
##.......#.####.#####...###.
# .........#................
#
#........######.#####...###
# #...............#...#...#
# #.......#########...#...#
# #.#.............#...# #


You could see an orc priest.

Vanquished Creatures
  An ogre (D:4)
  A phantom (D:4)
  An iguana (D:4)
  An orc wizard (D:4)
  3 gnolls (D:3)
  3 adders
  2 adder skeletons (D:4)
  3 worms
  2 dart slugs (D:1)
  10 orcs
  9 endoplasms
  7 giant cockroaches
  2 goblins
  8 hobgoblins
  6 jackals
  2 quokkas (D:1)
  5 ball pythons
  4 bats
  3 frilled lizards
  7 kobolds
  4 rats
84 creatures vanquished.

Vanquished Creatures (others)
  A fulminant prism (D:4)
1 creature vanquished.

Grand Total: 85 creatures vanquished

Notes
Turn   | Place    | Note
-------+----------+-------------------------------------------
     0 | D:1      | pkoi the Deep Elf Conjurer began the quest for the Orb.
     0 | D:1      | Reached XP level 1. HP: 10/10 MP: 6/6
   121 | D:1      | Reached XP level 2. HP: 15/15 MP: 2/8
   436 | D:1      | Reached skill level 5 in Conjurations
   636 | D:1      | Reached XP level 3. HP: 19/19 MP: 7/10
   734 | D:1      | Learned a level 2 spell: Searing Ray
   993 | D:2      | Found a faded altar of an unknown god.
  2182 | D:2      | Identified the +1 mace of Parts Unknown {venom, Dex+2}
  2480 | D:3      | Reached XP level 4. HP: 24/24 MP: 10/12
  2612 | D:3      | Learned a level 4 spell: Iskenderun's Mystic Blast
  2617 | D:3      | Learned a level 4 spell: Fulminant Prism
  2679 | D:3      | Reached skill level 6 in Conjurations
  3611 | D:4      | Reached XP level 5. HP: 28/28 MP: 9/13
  3756 | D:4      | Noticed a phantom
  3759 | D:4      | Reached skill level 1 in Hexes
  3769 | D:4      | Killed a phantom
  3770 | D:4      | Reached skill level 1 in Translocations
  4009 | D:4      | Reached skill level 5 in Spellcasting
  4419 | D:4      | Noticed an ogre
  4424 | D:4      | Killed an ogre
  4425 | D:4      | Reached XP level 6. HP: 32/32 MP: 9/15
  4541 | D:4      | Killed from afar by an orc priest

Illustrated notes

Levels and vault maps discovered:
D:1:      giann_wishing_wells, layout_rooms, palyth_stone_intersect
D:2:      layout_basic, shapermc_ecumenical_altar_mp_highgroup,
          minmay_tetromino_s2
D:3:      layout_loops_ring, serial_rivers, chequers_serial_rivers_room_b,
          chequers_serial_rivers_small_a, chequers_serial_rivers_room_a,
          chequers_serial_rivers_micro_e
D:4:      layout_basic

Skill      XL: |  1  2  3  4  5 |
---------------+----------------+-----
Conjurations   | 5 6 |  6.9
Spellcasting   | 4 5 |  5.2
Hexes          | 2 |  2.5
Translocations | 2 |  2.0
Dodging        | |  2.4
Stealth        | |  2.4

Action                   |  1- 3 |  4- 6 || total
-------------------------+-------+-------++-------
Melee: Club              |    11 |       ||    11
       Punch             |     1 |       ||     1
       Mace              |     2 |     3 ||     5
 Cast: Magic Dart        |   104 |    76 ||   180
       Searing Ray       |     1 |     2 ||     3
       Fulminant Prism   |       |     1 ||     1
  Use: Scroll            |     3 |       ||     3
       Potion            |     3 |       ||     3
Armor: Robe              |     7 |     2 ||     9
Dodge: Dodged            |    18 |     9 ||    27
